 Seeded DCSS version 0.30-a0-439-g9e77e4d916 (webtiles) character file.

Game seed: 2672040522805985899 (custom seed)

1216 innerfire433 the Cutter (level 8, -2/64 HPs)
             Began as a Demonspawn Monk on Dec 11, 2022.
             Was an Elder of Jiyva.
             Slain by a killer bee (3 damage)
             ... on level 5 of the Dungeon.
             The game lasted 00:08:34 (3371 turns).

innerfire433 the Cutter (Demonspawn Monk)           Turns: 3371, Time: 00:08:35

Health: -2/64      AC:  6    Str: 13    XL:     8   Next: 22%
Magic:  8/8        EV:  8    Int: 11    God:    Jiyva [****..]
Gold:   270        SH:  0    Dex: 17    Spells: 7/7 levels left

rFire   + + +      SeeInvis +    l - +10 dagger "Buwuc" {venom, rC+}
rCold   + . .      Faith    .    (no shield)
rNeg    . . .      Spirit   .    d - +0 plate armour
rPois   .          Reflect  .    (helmet restricted)
rElec   .          Harm     .    (no cloak)
rCorr   +          Rampage  .    (no gloves)
Will    .....      Rage     3%   (no boots)
Stlth   ..........               (no amulet)
HPRegen 1.58/turn                h - ring of see invisible
MPRegen 0.51/turn                k - ring of resist corrosion

@: confused, lethally poisoned (-2 -> -38), ambrosia-drunk, flying, studying
Fighting
A: sturdy frame 2, demonic magic 1, demonic touch 1, horns 1, talons 1, berserk
1, fire resistance 3, pseudopods 1, MP-powered wands
a: Renounce Religion, Oozemancy, Slimify


You were on level 5 of the Dungeon.
You worshipped Jiyva.
Jiyva was greatly pleased with you.
You visited 1 branch of the dungeon, and saw 5 of its levels.

You collected 270 gold pieces.

Inventory:

Hand Weapons
 a - a +0 short sword
 l - the +10 dagger "Buwuc" (weapon) {venom, rC+}
   (You found it on level 2 of the Dungeon)

   It poisons the flesh of those it strikes.
   rC:        It protects you from cold.
Missiles
 w - 11 poisoned darts (quivered)
 B - a silver boomerang
Armour
 b - a +0 robe
 d - a +0 plate armour (worn)
 m - a +1 ring mail of positive energy
 o - a scarf of harm
Jewellery
 h - a ring of see invisible (left hand)
 k - a ring of resist corrosion (right hand)
Wands
 s - a wand of polymorph (9)
 v - a wand of light (8)
Scrolls
 e - 4 scrolls of identify {unknown}
 i - 4 scrolls of teleportation {unknown}
 j - 2 scrolls of enchant armour {unknown}
 n - 4 scrolls of silence {unknown}
 p - 2 scrolls of immolation {unknown}
 q - a scroll of brand weapon {unknown}
 r - a scroll of torment {unknown}
 y - a scroll of enchant weapon {unknown}
 A - a scroll of fog {unknown}
Potions
 g - 3 potions of flight
 t - a potion of mutation
 u - 2 potions of curing {unknown}
 x - a potion of brilliance {unknown}
 z - a potion of cancellation {unknown}


   Skills:
 + Level 6.1 Fighting
 * Level 6.2 Short Blades
 + Level 3.9 Armour
 + Level 4.8 Dodging
 - Level 1.7 Stealth


You had 7 spell levels left.
You didn't know any spells.
Your spell library contained the following spells:

 Spells                   Type           Power      Damage    Failure   Level
 Gell's Gravitas          Tloc           0%         N/A       100%        3
 Ignite Poison            Fire/Tmut/Pois 0%         N/A       100%        3
 Lesser Beckoning         Tloc           0%         N/A       100%        3
 Teleport Other           Tloc           0%         N/A       100%        3
 Sticky Flame             Conj/Fire      0%         2d3       100%        4
 Ignition                 Fire           0%         3d3       100%        8


Dungeon Overview and Level Annotations

Branches:
Dungeon (5/15)             Temple (0/1) D:4

Altars:
Dithmenos
Fedhas
Kikubaaqudgha
Ru
Sif Muna
Jiyva

Annotations:
D:5 1 transporter, innerfire433's ghost, novice DsMo


Innate Abilities, Weirdness & Mutations

Your movements are less encumbered by armour. (ER -4)
Spells you cast may paralyse adjacent enemies.
Your touch may inflict minor irresistible damage on your foes.
You have a pair of small horns on your head.
You have sharp toenails.
You sometimes lose your temper in combat.
Your flesh is almost immune to the effects of heat. (rF+++)
Armour fits poorly on your pseudopods.
You expend magic power (3 MP) to strengthen your wands.


Message History

The killer bee stings you but does no damage.
The killer bee barely misses you. Innerfire433's ghost barely misses you.
Something barely misses the killer bee.
The killer bee stings you but does no damage.
The killer bee stings you.
* * * LOW HITPOINT WARNING * * *
You are more poisoned.
The killer bee poisons you!
The killer bee stings you but does no damage.
You hear a distant slurping noise.
You feel much better.
You feel extremely sick. The killer bee stings you!
You are more poisoned.
The killer bee poisons you! The killer bee closely misses you.
The killer bee stings you!
* * * LOW HITPOINT WARNING * * *
You are more poisoned.
The killer bee poisons you!
Innerfire433's ghost hits you but does no damage.
You are more poisoned.
Something hits the killer bee.
The killer bee stings you but does no damage.
The killer bee stings you.
* * * LOW HITPOINT WARNING * * *
It was a potion of mutation.
You feel extremely strange.
Your hooves look more like feet.
Your hooves expand and flesh out into feet!
Your thinking seems confused.
You feel a little pissed off. A pair of horns grows on your head!
Your toenails lengthen and sharpen.
You feel your magical essence link to the dungeon's wands.
* * * LOW HITPOINT WARNING * * *
You feel extremely sick. The killer bee stings you.
* * * LOW HITPOINT WARNING * * *
You are more poisoned.
The killer bee poisons you!
The killer bee stings you but does no damage.
The killer bee stings you.
You die...

#####....#########...#
'.>###..###.###.###..#
#..#....##...#...##..#
........####.#.#.##..#
......#.##...#...##..#
.....##J#.#.#y#.#.#..#
#.....JJ#y.#...#y.#..#
#...##.©#yy#.#.#yW#©.#
.#..###J#y.#...#@y#.##
.##..##.#)#.#.#y#.#.#
..#..##.##..!#.y!##.#
.....##.##.#.#.#.##.#
......#.##y.y#...##.#
>....##.###y###.###.#
.....##..#########..#
..........###.###..##
..#####.#.........##


You could see 5 killer bees and innerfire433's ghost.

Vanquished Creatures
  Sigmund (D:2)
  Duvessa (D:5)
  A black bear (D:5)
  An ogre (D:4)
  A centaur (D:4)
  2 necrophages (D:4)
  A howler monkey (D:5)
  3 hounds
  2 orc priests
  Ijyb (D:4)
  4 iguanas
  2 orc wizards (D:5)
  4 gnolls (D:4)
  6 adders
  2 white imps (D:5)
  An ufetubus (D:5)
  7 worms
  3 dart slugs
  19 orcs
  4 bats
  3 endoplasms
  5 giant cockroaches
  6 goblins
  3 hobgoblins
  8 jackals
  2 quokkas
  6 ball pythons
  4 frilled lizards
  4 kobolds
  5 rats
112 creatures vanquished.

Vanquished Creatures (others)
  A scorpion (D:5)
  Dowan (D:5)
  3 jellies (D:5)
  A hound (D:5)
  An iguana (D:5)
  An endoplasm (D:4)
  2 plants (D:4)
  3 withered plants (D:4)
13 creatures vanquished.

Grand Total: 125 creatures vanquished

Notes
Turn   | Place    | Note
-------+----------+-------------------------------------------
     0 | D:1      | innerfire433 the Demonspawn Monk began the quest for the
                  | Orb.
     0 | D:1      | Reached XP level 1. HP: 18/18 MP: 1/1
   203 | D:1      | Gained mutation: Your movements are slightly less
                  | encumbered by armour. (ER -2) [demonic ancestry]
   203 | D:1      | Reached XP level 2. HP: 22/24 MP: 2/2
   576 | D:1      | Reached skill level 1 in Armour
   894 | D:2      | Gained mutation: Your movements are less encumbered by
                  | armour. (ER -4) [demonic ancestry]
   894 | D:2      | Reached XP level 3. HP: 29/29 MP: 3/3
   929 | D:2      | Identified the +10 dagger "Buwuc" {venom, rC+}
  1154 | D:2      | Found a faded altar of an unknown god.
  1164 | D:2      | Noticed Sigmund
  1175 | D:2      | Killed Sigmund
  1176 | D:2      | Reached XP level 4. HP: 19/37 MP: 4/4
  1176 | D:2      | Gained mutation: Spells you cast may paralyse adjacent
                  | enemies. [demonic ancestry]
  1176 | D:2      | Reached XP level 5. HP: 21/42 MP: 5/5
  1197 | D:2      | Prayed at the altar of an unknown god.
  1197 | D:2      | Became a worshipper of Jiyva Jyepuax the Shapeless
  1197 | D:2      | Reached * piety under Jiyva
  1197 | D:2      | Reached ** piety under Jiyva
  1351 | D:2      | Identified the +0 helmet of Beogh's Regard {Rampage rElec
                  | Int+2 Dex+6}
  1388 | D:2      | Reached *** piety under Jiyva
  1560 | D:3      | Gained mutation: You have large cloven feet. [Jiyva's
                  | grace]
  1560 | D:3      | Gained mutation: You have hoof-like feet. [Jiyva's grace]
  1560 | D:3      | Gained mutation: You have hooves in place of feet. [Jiyva's
                  | grace]
  1560 | D:3      | Gained mutation: Armour fits poorly on your pseudopods.
                  | [Jiyva's grace]
  1586 | D:3      | Found a faded altar of an unknown god.
  1864 | D:3      | Found a shimmering blue altar of Sif Muna.
  1940 | D:3      | Found a sacrificial altar of Ru.
  2002 | D:3      | Reached XP level 6. HP: 46/48 MP: 6/6
  2171 | D:4      | Noticed Ijyb
  2184 | D:4      | Killed Ijyb
  2192 | D:4      | Reached **** piety under Jiyva
  2241 | D:4      | Reached skill level 5 in Short Blades
  2241 | D:4      | Reached XP level 7. HP: 38/55 MP: 7/7
  2336 | D:4      | Reached skill level 5 in Fighting
  2336 | D:4      | Found a staircase to the Ecumenical Temple.
  2450 | D:4      | Found an ancient bone altar of Kikubaaqudgha.
  2451 | D:4      | Found a blossoming altar of Fedhas.
  2636 | D:5      | Entered Level 5 of the Dungeon
  2797 | D:5      | Gained mutation: Your touch may inflict minor irresistible
                  | damage on your foes. [demonic ancestry]
  2797 | D:5      | Reached XP level 8. HP: 62/63 MP: 8/8
  2908 | D:5      | Killed Dowan
  2915 | D:5      | Lost mutation: You have hooves in place of feet. [Jiyva's
                  | grace]
  2915 | D:5      | Gained mutation: You possess an exceptional clarity of
                  | mind. [Jiyva's grace]
  2915 | D:5      | Gained mutation: Your flesh is heat resistant. (rF+)
                  | [Jiyva's grace]
  2915 | D:5      | Gained mutation: Your flesh is very heat resistant. (rF++)
                  | [Jiyva's grace]
  2915 | D:5      | Gained mutation: Your flesh is almost immune to the effects
                  | of heat. (rF+++) [Jiyva's grace]
  2921 | D:5      | Noticed innerfire433's ghost (novice DsMo)
  2949 | D:5      | Reached ***** piety under Jiyva
  2951 | D:5      | Found a transporter.
  2975 | D:5      | Noticed Duvessa
  2983 | D:5      | Killed Duvessa
  3110 | D:5      | Found a transporter.
  3210 | D:5      | Found a shadowy altar of Dithmenos.
  3360 | D:5      | a killer bee changed into a slime creature
  3360 | D:5      | Noticed a slime creature
  3371 | D:5      | Lost mutation: You have hoof-like feet. [potion of
                  | mutation]
  3371 | D:5      | Lost mutation: You have large cloven feet. [potion of
                  | mutation]
  3371 | D:5      | Lost mutation: You possess an exceptional clarity of mind.
                  | [potion of mutation]
  3371 | D:5      | Gained mutation: You sometimes lose your temper in combat.
                  | [potion of mutation]
  3371 | D:5      | Gained mutation: You have a pair of small horns on your
                  | head. [potion of mutation]
  3371 | D:5      | Gained mutation: You have sharp toenails. [potion of
                  | mutation]
  3371 | D:5      | Gained mutation: You expend magic power (3 MP) to
                  | strengthen your wands. [potion of mutation]
  3371 | D:5      | HP: 1/64 [killer bee (6)]
  3371 | D:5      | Slain by a killer bee

Illustrated notes

Levels and vault maps discovered:
D:1:      psy_arrival_radial02, layout_rooms
D:2:      layout_basic, ebering_ecumenical_altar_mist, grunt_decor_clamped,
          uniq_sigmund
D:3:      layout_basic, nicolae_overflow_ecumenical_swirl,
          mainiacjoe_overflow_large_starburst
D:4:      layout_rooms, grunt_temple_overflow_growth_and_decay,
          minmay_temple_entry_ruins, minmay_manual_monstrance, uniq_ijyb
D:5:      nicolae_cairo_tiling_large, layout_cave_pools,
          mainiacjoe_overflow_concentric_impassable, gammafunk_ghost_hive,
          st_stairs_13, minmay_chambers_of_fives, uniq_duvessa

Skill      XL: |  1  2  3  4  5  6  7  8 |
---------------+-------------------------+-----
Short Blades   | 3 4 5 6 |  6.2
Armour         | 1 2 3 |  3.9
Dodging        | 3 4 |  4.8
Fighting       | 4 5 6 |  6.1
Stealth        | |  1.7

Action                   |  1- 3 |  4- 6 |  7- 9 || total
-------------------------+-------+-------+-------++-------
Melee: Short sword       |   103 |       |       ||   103
       Punch             |     1 |     1 |       ||     2
       Dagger            |    20 |    77 |   109 ||   206
       Kick              |       |    14 |    26 ||    40
       Pseudopods        |       |    11 |    24 ||    35
       Touch             |       |       |     3 ||     3
Invok: Slimify           |       |       |     1 ||     1
  Use: Potion            |       |       |     6 ||     6
 Stab: Sleeping          |     1 |       |     2 ||     3
Armor: Plate armour      |    60 |       |    23 ||    83
       Robe              |     4 |       |       ||     4
       Ring mail         |     2 |    13 |    13 ||    28
Dodge: Dodged            |    40 |    40 |    86 ||   166

Table legend: (Time is in decaauts)
 A = Elapsed time spent in this place.
 B = Non-inter-level travel time spent in this place.
 C = Inter-level travel time spent in this place.
 D = Time resting spent in this place.
 E = Time spent auto-exploring this place.
 F = Levels seen in this place.
 G = Mean time per level.
                   A        B        C        D        E       F      G
               +--------+--------+--------+--------+--------+-----+--------+
         Total |   3303 |   3166 |    137 |      0 |   2434 |   5 |  660.6 |
       Dungeon |   3303 |   3166 |    137 |      0 |   2434 |   5 |  660.6 |
               +--------+--------+--------+--------+--------+-----+--------+

Top non-repeatable levels by time:
     D:2: 757 daAuts
     D:1: 736 daAuts
     D:5: 716 daAuts
     D:3: 609 daAuts
     D:4: 483 daAuts
